 Dungeon Crawl Stone Soup version 0.23.0 (webtiles) character file.

Game seed: 3254232611401118358

6 Morgius the Magician (level 1, -1/13 HPs)
             Began as a Mummy Wizard on Feb 17, 2019.
             Slain by a kobold
             ... wielding a +0 dagger
              (4 damage)
             ... on level 1 of the Dungeon.
             The game lasted 00:00:57 (223 turns).

Morgius the Magician (Mummy Wizard)                  Turns: 223, Time: 00:00:57

Health: -1/13      AC:  2    Str: 10    XL:     1   Next: 75%
Magic:  0/5        EV: 12    Int: 17    God:
Gold:   17         SH:  0    Dex: 10    Spells: 7/8 levels left

rFire    x . .     SeeInvis .   d - +0 short sword
rCold    + . .     Gourm    .   (no shield)
rNeg     + + +     Faith    .   a - +0 robe
rPois    ∞         Spirit   .   b - +0 hat
rElec    .         Reflect  .   (no cloak)
rCorr    .         Harm     .   (no gloves)
MR       .....                  (no boots)
Stlth    ++........             (no amulet)
HPRegen  0.04/turn              (no ring)
MPRegen  0.09/turn              (no ring)

@: no status effects
A: no food or potions, fire vulnerability, cold resistance 1, negative energy
resistance 3, torment resistance, unbreathing
a: no special abilities


You were on level 1 of the Dungeon.
You were not hungry.

You visited 1 branch of the dungeon, and saw 1 of its levels.

You collected 17 gold pieces.

Inventory:

Hand Weapons
 d - a +0 short sword (weapon)
Armour
 a - a +0 robe (worn)
 b - a +0 hat (worn)
Scrolls
 c - a scroll of enchant armour {unknown}


   Skills:
 - Level 1.5 Dodging
 - Level 1.5 Stealth
 - Level 4.0 Spellcasting
 + Level 1.4 Conjurations
   Level 0.7 Summonings
   Level 0.7 Translocations


You had 7 spell levels left.
You knew the following spells:

 Your Spells              Type           Power        Failure   Level  Hunger
a - Magic Dart            Conj           #...         9%          1    N/A

Your spell library contained the following spells:

 Spells                   Type           Power        Failure   Level  Hunger
 Blink                    Tloc           N/A          19%         2    N/A
 Call Imp                 Summ           #.......     19%         2    N/A
 Slow                     Hex            #.......     24%         2    N/A
 Conjure Flame            Conj/Fire      #.......     34%         3    N/A
 Mephitic Cloud           Conj/Pois/Air  #.......     36%         3    N/A

Dungeon Overview and Level Annotations

Branches:
Dungeon (1/15)

Altars:


Innate Abilities, Weirdness & Mutations

You do not eat or drink.
Your flesh is vulnerable to fire.
You are immune to poison.
Your flesh is cold resistant. (rC+)
You are immune to negative energy. (rN+++)
You are immune to unholy pain and torment.
You can survive without breathing.


Message History

You see here a kobold corpse.
The kobold misses you.
You see here a giant cockroach corpse.
Casting: Magic Dart (safe; 9% risk of failure)
Confirm with . or Enter, or press ? or * to list all spells.
Aiming: Magic Dart (safe; 9% risk of failure)
Press: ? - help, Shift-Dir - straight line, f - kobold
Aim: a kobold, wielding a +0 dagger The magic dart hits the kobold.
The kobold is moderately wounded.
The kobold barely misses you.
Casting: Magic Dart (safe; 9% risk of failure)
Confirm with . or Enter, or press ? or * to list all spells.
Aiming: Magic Dart (safe; 9% risk of failure)
Press: ? - help, Shift-Dir - straight line, f/p - kobold
Aim: a kobold, wielding a +0 dagger (moderately wounded)
The magic dart hits the kobold.
The kobold is heavily wounded.
The kobold hits you with a +0 dagger.
You die...

.....# ##.##.# #.....# .
#.....# .##.....#
..##.##.# #.##.##†###
..[.....##.##.##K..#
........ #K##†##@#.####
..?....###.##.........#
≈≈≈≈≈§≈≈≈..(..........#
8≈g§≈≈≈8≈.(##....♣....####
≈8§≈≈≈8≈≈.......♣.♣♣......
≈≈####≈≈≈.#.....♣♣....##
§≈#.<#≈≈≈.#.....♣♣....#
§≈#..#≈≈≈##...........#
≈≈#''#≈≈≈........†....#


You could see a kobold.

Vanquished Creatures
  A giant cockroach (D:1)
  A hobgoblin (D:1)
  A kobold (D:1)
  2 bats (D:1)
  A rat (D:1)
6 creatures vanquished.

Notes
Turn   | Place    | Note
-------+----------+-------------------------------------------
     0 | D:1      | Morgius the Mummy Wizard began the quest for the Orb.
     0 | D:1      | Reached XP level 1. HP: 13/13 MP: 5/5
    29 | D:1      | Reached skill level 1 in Conjurations
   223 | D:1      | Slain by a kobold

Skill      XL: |  1 |
---------------+----+-----
Conjurations   | 1 |  1.4
Dodging        | |  1.5
Stealth        | |  1.5
Spellcasting   | |  4.0
Summonings     | |  0.7
Translocations | |  0.7

Action                   || total
-------------------------++-------
Melee: Short sword       ||    12
       Unarmed           ||     5
 Cast: Magic Dart        ||    19
Armor: Robe              ||     4
Dodge: Dodged            ||    21
